TOP OF THE 1ST |
Houston Hammertime batting - Pitching for Lansing Lugnuts : RHP Raúl Contreras
|
Pitching: RHP Raúl Contreras
|
|
Batting: RHB Luis Barzaga
|
0-0: Ball 1-0: Bunted foul 1-1: Foul Ball, location: 2F 1-2: Ground out 1-3 (Groundball, 23)
|
Batting: RHB Pedro Meza
|
0-0: Called Strike 0-1: Fly out, F9 (Flyball, 9M)
|
Batting: SHB Cristo Ontiveros
|
0-0: Ball 1-0: Ball 2-0: Foul Ball, location: 2F 2-1: Called Strike 2-2: Foul Ball, location: 2F 2-2: Strikes out swinging
|
Top of the 1st over - 0 run(s), 0 hit(s), 0 error(s), 0 left on base; Houston 0 - Lansing 0 |
BOTTOM OF THE 1ST |
Lansing Lugnuts batting - Pitching for Houston Hammertime : RHP Norberto Méndez
|
Pitching: RHP Norberto Méndez
|
|
Batting: RHB Michael Woodruff
|
0-0: Foul Ball, location: 2F 0-1: Ball 1-1: Foul Ball, location: 2F 1-2: SINGLE (Groundball, 6MD)
|
Batting: LHB Iván Salas
|
0-0: Called Strike 0-1: Ball 1-1: Foul Ball, location: 2F 1-2: Ball 2-2: Foul Ball, location: 2F 2-2: Foul Ball, location: 2F 2-2: Foul Ball, location: 2F 2-2: Ball 3-2: Foul Ball, location: 2F 3-2: Fly out, F8 (Line Drive, 8LM)
|
Batting: RHB Júlio Caraballo
|
0-0: Ball 1-0: Ball 2-0: Ball 3-0: Called Strike 3-1: Base on Balls Michael Woodruff to second
|
Batting: LHB Ricardo Romero
|
0-0: Called Strike 0-1: Ball 1-1: Foul Ball, location: 2F 1-2: Foul Ball, location: 2F 1-2: Ball 2-2: SINGLE (Line Drive, 6D) Michael Woodruff to third Júlio Caraballo to second
|
Batting: LHB Francisco Marino
|
0-0: Ball 1-0: Swinging Strike 1-1: Foul Ball, location: 2F 1-2: Ball 2-2: Strikes out looking
|
Batting: RHB Jeff Packard
|
0-0: Ball 1-0: Ball 2-0: Ball 3-0: Called Strike 3-1: Base on Balls Michael Woodruff scores Júlio Caraballo to third Ricardo Romero to second
|
Batting: RHB Phil Matthews
|
0-0: Called Strike 0-1: Ball 1-1: Foul Ball, location: 2F 1-2: Ball 2-2: Fly out, F8 (Flyball, 8RM)
|
Bottom of the 1st over - 1 run(s), 2 hit(s), 0 error(s), 3 left on base; Houston 0 - Lansing 1 |
TOP OF THE 2ND |
Houston Hammertime batting - Pitching for Lansing Lugnuts : RHP Raúl Contreras
|
Batting: RHB Domingo Matos
|
0-0: Ground out 6-3 (Groundball, 6)
|
Batting: RHB Mario Beltrán
|
0-0: Swinging Strike 0-1: Ball 1-1: Called Strike 1-2: Ground out 6-3 (Groundball, 6)
|
Batting: LHB Pat Jones
|
0-0: Called Strike 0-1: Ball 1-1: SINGLE (Flyball, 6D)
|
Batting: RHB Aaron Wilson
|
0-0: Ball 1-0: Ball 2-0: Called Strike 2-1: Ball 3-1: Called Strike 3-2: Strikes out looking
|
Top of the 2nd over - 0 run(s), 1 hit(s), 0 error(s), 1 left on base; Houston 0 - Lansing 1 |
BOTTOM OF THE 2ND |
Lansing Lugnuts batting - Pitching for Houston Hammertime : RHP Norberto Méndez
|
Batting: RHB Sadao Kimura
|
0-0: Ball 1-0: Ball 2-0: Fly out, F6 (Line Drive, 56)
|
Batting: RHB Matt Silver
|
0-0: Called Strike 0-1: Ball 1-1: Ball 2-1: Fly out, F8 (Flyball, 8LD)
|
Batting: RHB Michael Woodruff
|
0-0: Ball 1-0: Ball 2-0: Called Strike 2-1: Ball 3-1: SINGLE (Groundball, 6MD)
|
Batting: LHB Iván Salas
|
0-0: Ball 1-0: SINGLE (Groundball, 4MD) Michael Woodruff to second
|
Batting: RHB Júlio Caraballo
|
0-0: SINGLE (Line Drive, 7S) Michael Woodruff to third Iván Salas to second Runner from 3rd tries for Home, SAFE, no throw or cutoff
|
Batting: LHB Ricardo Romero
|
0-0: Ball 1-0: Ball 2-0: Foul Ball, location: 2F 2-1: Foul Ball, location: 2F 2-2: Foul Ball, location: 2F 2-2: Ball Wild Pitch! Iván Salas to third Júlio Caraballo to second 3-2: Base on Balls
|
Batting: LHB Francisco Marino
|
0-0: Fly out, F4 (Popup, 34D)
|
Bottom of the 2nd over - 1 run(s), 3 hit(s), 0 error(s), 3 left on base; Houston 0 - Lansing 2 |
TOP OF THE 3RD |
Houston Hammertime batting - Pitching for Lansing Lugnuts : RHP Raúl Contreras
|
Batting: LHB Fernando Camacho
|
0-0: Swinging Strike 0-1: Ball 1-1: Called Strike 1-2: Strikes out swinging
|
Batting: RHB Rafael Torres
|
0-0: Ball 1-0: Ball 2-0: Called Strike 2-1: Foul Ball, location: 2F 2-2: Foul Ball, location: 2F 2-2: Strikes out looking
|
Batting: RHB Luis Barzaga
|
0-0: Called Strike 0-1: Called Strike 0-2: Ball 1-2: Foul Ball, location: 2F 1-2: Strikes out swinging
|
Top of the 3rd over - 0 run(s), 0 hit(s), 0 error(s), 0 left on base; Houston 0 - Lansing 2 |
BOTTOM OF THE 3RD |
Lansing Lugnuts batting - Pitching for Houston Hammertime : RHP Norberto Méndez
|
Batting: RHB Jeff Packard
|
0-0: Called Strike 0-1: Ball 1-1: Ground out 6-3 (Groundball, 6M)
|
Batting: RHB Phil Matthews
|
0-0: Called Strike 0-1: Called Strike 0-2: Ball 1-2: Foul Ball, location: 2F 1-2: Foul Ball, location: 2F 1-2: SINGLE (Line Drive, 56)
|
Batting: RHB Sadao Kimura
|
0-0: Called Strike 0-1: Ball 1-1: TRIPLE (Line Drive, 8LS) Phil Matthews scores
|
Batting: RHB Matt Silver
|
0-0: Ball 1-0: DOUBLE (Line Drive, 7LM) Sadao Kimura scores
|
Batting: RHB Michael Woodruff
|
0-0: Ball 1-0: Called Strike 1-1: Ball 2-1: Foul Ball, location: 2F 2-2: Ground out 5-3 (Groundball, 56)
|
Pitching: RHP Bill Jones
|
|
Batting: LHB Iván Salas
|
0-0: SINGLE (Line Drive, 5D) Matt Silver to third Runner from 3rd tries for Home, SAFE, no throw or cutoff
|
Batting: RHB Júlio Caraballo
|
0-0: Ball 1-0: Called Strike 1-1: Foul Ball, location: 2F 1-2: Ball 2-2: Ball 3-2: Base on Balls Iván Salas to second
|
Batting: LHB Ricardo Romero
|
0-0: Ball 1-0: Ball 2-0: Called Strike 2-1: Foul Ball, location: 2F 2-2: Foul Ball, location: 2F 2-2: Ball 3-2: Base on Balls Iván Salas to third Júlio Caraballo to second
|
Batting: LHB Francisco Marino
|
0-0: Ball 1-0: Foul Ball, location: 2F 1-1: Ball 2-1: Swinging Strike 2-2: Fly out, F7 (Popup, 6MD)
|
Bottom of the 3rd over - 3 run(s), 4 hit(s), 0 error(s), 3 left on base; Houston 0 - Lansing 5 |
TOP OF THE 4TH |
Houston Hammertime batting - Pitching for Lansing Lugnuts : RHP Raúl Contreras
|
Batting: RHB Pedro Meza
|
0-0: Ball 1-0: Ball 2-0: Ground out 1-3 (Groundball, 23)
|
Batting: SHB Cristo Ontiveros
|
0-0: Ball 1-0: Ball 2-0: Ball 3-0: Called Strike 3-1: Foul Ball, location: 2F 3-2: Strikes out swinging
|
Batting: RHB Domingo Matos
|
0-0: Ball 1-0: Ball 2-0: Called Strike 2-1: Fly out, F6 (Line Drive, 6)
|
Top of the 4th over - 0 run(s), 0 hit(s), 0 error(s), 0 left on base; Houston 0 - Lansing 5 |
BOTTOM OF THE 4TH |
Lansing Lugnuts batting - Pitching for Houston Hammertime : RHP Bill Jones
|
Batting: RHB Jeff Packard
|
0-0: Foul Ball, location: 2F 0-1: Foul Ball, location: 2F 0-2: Foul Ball, location: 2F 0-2: Ball 1-2: Fly out, F4 (Line Drive, 4)
|
Batting: RHB Phil Matthews
|
0-0: Called Strike 0-1: Foul Ball, location: 2F 0-2: Ground out 5-3 (Groundball, 5S)
|
Batting: RHB Sadao Kimura
|
0-0: Ball 1-0: Ball 2-0: SINGLE (Flyball, 9LM)
|
Batting: RHB Matt Silver
|
0-0: Called Strike 0-1: Ball 1-1: Called Strike 1-2: Strikes out swinging
|
Bottom of the 4th over - 0 run(s), 1 hit(s), 0 error(s), 1 left on base; Houston 0 - Lansing 5 |
TOP OF THE 5TH |
Houston Hammertime batting - Pitching for Lansing Lugnuts : RHP Raúl Contreras
|
Batting: RHB Mario Beltrán
|
0-0: Fly out, F9 (Flyball, 89S)
|
Batting: LHB Pat Jones
|
0-0: Ball 1-0: Bunted foul 1-1: Fly out, F8 (Flyball, 8RD)
|
Batting: RHB Aaron Wilson
|
0-0: Ball 1-0: Ball 2-0: Called Strike 2-1: Called Strike 2-2: Hit by Pitch
|
Pitching: RHP Juan Álvarez
|
|
Batting: LHB Fernando Camacho
|
0-0: Called Strike Aaron Wilson steals 2nd base 0-1: Ball 1-1: Ball 2-1: Called Strike 2-2: Foul Ball, location: 2F 2-2: Ball 3-2: Foul Ball, location: 2F 3-2: Foul Ball, location: 2F 3-2: Base on Balls
|
Batting: RHB Rafael Torres
|
0-0: Ball 1-0: Ball 2-0: Called Strike 2-1: Foul Ball, location: 2F 2-2: Ball 3-2: TRIPLE (Line Drive, 7LS) Aaron Wilson scores Fernando Camacho scores
|
Batting: RHB Luis Barzaga
|
0-0: DOUBLE (Flyball, 78D) Rafael Torres scores
|
Batting: RHB Pedro Meza
|
0-0: Fly out, F7 (Line Drive, 78D)
|
Top of the 5th over - 3 run(s), 2 hit(s), 0 error(s), 1 left on base; Houston 3 - Lansing 5 |
BOTTOM OF THE 5TH |
Lansing Lugnuts batting - Pitching for Houston Hammertime : RHP Bill Jones
|
Batting: RHB Michael Woodruff
|
0-0: Swinging Strike 0-1: Swinging Strike 0-2: Foul Ball, location: 2F 0-2: Ball 1-2: Strikes out swinging
|
Batting: LHB Iván Salas
|
0-0: Called Strike 0-1: Ball 1-1: Foul Ball, location: 2F 1-2: Ball 2-2: Ball 3-2: Fly out, F8 (Flyball, 8LD)
|
Batting: RHB Júlio Caraballo
|
0-0: Called Strike 0-1: Foul Ball, location: 2F 0-2: Strikes out swinging
|
Bottom of the 5th over - 0 run(s), 0 hit(s), 0 error(s), 0 left on base; Houston 3 - Lansing 5 |
TOP OF THE 6TH |
Houston Hammertime batting - Pitching for Lansing Lugnuts : RHP Juan Álvarez
|
Batting: SHB Cristo Ontiveros
|
0-0: Ball 1-0: Ball 2-0: Ball 3-0: Called Strike 3-1: Foul Ball, location: 2F 3-2: Foul Ball, location: 2F 3-2: Base on Balls
|
Pitching: RHP Nicoláo Gericota
|
|
Batting: RHB Domingo Matos
|
0-0: Ball 1-0: Foul Ball, location: 2F 1-1: Ball 2-1: Swinging Strike 2-2: Ball 3-2: Strikes out looking
|
Batting: RHB Mario Beltrán
|
0-0: Ball 1-0: Ball 2-0: Ball 3-0: Base on Balls Cristo Ontiveros to second
|
Batting: LHB Pat Jones
|
0-0: Called Strike 0-1: DOUBLE (Flyball, 89D) Cristo Ontiveros scores Mario Beltrán to third
|
Batting: RHB Aaron Wilson
|
0-0: Called Strike 0-1: Ball 1-1: Ball 2-1: Called Strike 2-2: Strikes out swinging
|
Batting: LHB Fernando Camacho
|
0-0: Called Strike 0-1: Ball 1-1: Swinging Strike 1-2: Ball 2-2: Strikes out looking
|
Top of the 6th over - 1 run(s), 1 hit(s), 0 error(s), 2 left on base; Houston 4 - Lansing 5 |
BOTTOM OF THE 6TH |
Lansing Lugnuts batting - Pitching for Houston Hammertime : RHP Bill Jones
|
Batting: LHB Ricardo Romero
|
0-0: DOUBLE (Flyball, 78D)
|
Batting: LHB Francisco Marino
|
0-0: Called Strike 0-1: Called Strike 0-2: Ball 1-2: Foul Ball, location: 2F 1-2: Ball 2-2: Ground out 6-3 (Groundball, 6M) Ricardo Romero to third
|
Batting: RHB Jeff Packard
|
0-0: Ball 1-0: Ball 2-0: Called Strike 2-1: DOUBLE (Line Drive, 7D) Ricardo Romero scores
|
Batting: RHB Phil Matthews
|
0-0: DOUBLE (Line Drive, 7D) Jeff Packard scores
|
Batting: RHB Sadao Kimura
|
0-0: Ball 1-0: Ball 2-0: Called Strike 2-1: Fly out, F3 (Popup, 3SF)
|
Batting: RHB Matt Silver
|
0-0: Ball 1-0: Ground out 6-3 (Groundball, 6)
|
Bottom of the 6th over - 2 run(s), 3 hit(s), 0 error(s), 1 left on base; Houston 4 - Lansing 7 |
TOP OF THE 7TH |
Houston Hammertime batting - Pitching for Lansing Lugnuts : RHP Nicoláo Gericota
|
Batting: RHB Rafael Torres
|
0-0: Called Strike 0-1: Ball 1-1: Ball 2-1: Called Strike 2-2: Strikes out swinging
|
Batting: RHB Luis Barzaga
|
0-0: Ground out 1-3 (Groundball, 13)
|
Batting: RHB Pedro Meza
|
0-0: Called Strike 0-1: Ball 1-1: Ground out 5-3 (Groundball, 5L)
|
Top of the 7th over - 0 run(s), 0 hit(s), 0 error(s), 0 left on base; Houston 4 - Lansing 7 |
BOTTOM OF THE 7TH |
Lansing Lugnuts batting - Pitching for Houston Hammertime : RHP Bill Jones
|
Pitching: RHP António Mata
|
|
Batting: RHB Michael Woodruff
|
0-0: Called Strike 0-1: Fly out, F9 (Flyball, 9D)
|
Batting: LHB Iván Salas
|
0-0: Ball 1-0: Called Strike 1-1: Fly out, F7 (Flyball, 7M)
|
Batting: RHB Júlio Caraballo
|
0-0: Ball 1-0: Ball 2-0: Ball 3-0: Called Strike 3-1: Called Strike 3-2: Foul Ball, location: 2F 3-2: Strikes out looking
|
Bottom of the 7th over - 0 run(s), 0 hit(s), 0 error(s), 0 left on base; Houston 4 - Lansing 7 |
TOP OF THE 8TH |
Houston Hammertime batting - Pitching for Lansing Lugnuts : RHP Nicoláo Gericota
|
Pitching: LHP Craig Bowling
|
|
Batting: SHB Cristo Ontiveros
|
0-0: Fly out, F9 (Flyball, 9M)
|
Batting: RHB Domingo Matos
|
0-0: Called Strike 0-1: Foul Ball, location: 2F 0-2: Strikes out swinging
|
Batting: RHB Mario Beltrán
|
0-0: Ball 1-0: Swinging Strike 1-1: Ball 2-1: Foul Ball, location: 2F 2-2: Strikes out swinging
|
Top of the 8th over - 0 run(s), 0 hit(s), 0 error(s), 0 left on base; Houston 4 - Lansing 7 |
BOTTOM OF THE 8TH |
Lansing Lugnuts batting - Pitching for Houston Hammertime : RHP António Mata
|
Batting: LHB Ricardo Romero
|
0-0: Foul Ball, location: 2F 0-1: Foul Ball, location: 2F 0-2: Ball 1-2: Ground out 4-3 (Groundball, 4)
|
Batting: LHB Francisco Marino
|
0-0: Ground out 1-3 (Groundball, 15)
|
Batting: RHB Jeff Packard
|
0-0: Foul Ball, location: 2F 0-1: Swinging Strike 0-2: Strikes out swinging
|
Bottom of the 8th over - 0 run(s), 0 hit(s), 0 error(s), 0 left on base; Houston 4 - Lansing 7 |
TOP OF THE 9TH |
Houston Hammertime batting - Pitching for Lansing Lugnuts : LHP Craig Bowling
|
Pitching: RHP Kosami Tagawa
|
|
Batting: LHB Pat Jones
|
0-0: Ball 1-0: Foul Ball, location: 2F 1-1: Ball 2-1: Foul Ball, location: 2F 2-2: Strikes out swinging
|
Batting: RHB Aaron Wilson
|
0-0: Ball 1-0: Swinging Strike 1-1: Swinging Strike 1-2: Ball 2-2: Ball 3-2: Ground out 6-3 (Groundball, 6)
|
Batting: LHB Fernando Camacho
|
0-0: Ball 1-0: Foul Ball, location: 2F 1-1: Ball 2-1: Fly out, F7 (Flyball, 7LD)
|
Top of the 9th over - 0 run(s), 0 hit(s), 0 error(s), 0 left on base; Houston 4 - Lansing 7 |
|